 Dungeon Sprint DCSS version 0.29.1-13-g9f3cf754e1 (webtiles) character file.

Game seed: 4986036472101533170

126 theswoord the Fighter (level 5, -2/39 HPs)
             Began as a Gargoyle Fighter on Jan 26, 2023.
             Was a Believer of Uskayaw.
             Slain by a vampire (10 damage)
             ... in the Dungeon (Sprint IX: "|||||||||||||||||||||||||||||").
             The game lasted 00:01:25 (593 turns).

theswoord the Fighter (Gargoyle Fighter)             Turns: 593, Time: 00:01:26

Health: -2/39      AC: 17    Str: 26    XL:     5   Next: 9%
Magic:  5/5        EV:  6    Int:  8    God:    Uskayaw [**....]
Gold:   0          SH:  4    Dex: 11    Spells: 4/4 levels left

rFire   . . .      SeeInvis .   a - +0 flail
rCold   . . .      Faith    .   c - +0 buckler
rNeg    + . .      Spirit   .   o - +0 plate armour
rPois   ∞          Reflect  .   m - +0 helmet
rElec   +          Harm     .   (no cloak)
rCorr   .          Rampage  .   (no gloves)
Will    .....      NoTele   +   n - +0 pair of boots
Stlth   ..........              (no amulet)
HPRegen 0.13/turn               p - +3 ring of strength
MPRegen 0.09/turn               q - +3 ring of strength

@: hasted, very quick
A: sickness immunity, AC +4, negative energy resistance 1, electricity
resistance, torment resistance 1, petrification resistance
a: Renounce Religion, Stomp, Line Pass


You were in the Dungeon.
You worshipped Uskayaw.
Uskayaw was noncommittal.
You visited 1 branch

Inventory:

Hand Weapons
 a - a +0 flail (weapon)
 r - a +2 vorpal morningstar
Armour
 b - a +0 scale mail
 c - a +0 buckler (worn)
 m - a +0 helmet (worn)
 n - a +0 pair of boots (worn)
 o - a +0 plate armour (worn)
Jewellery
 p - a +3 ring of strength (left hand)
 q - a +3 ring of strength (right hand)
Wands
 l - a wand of quicksilver (10)
Scrolls
 j - 2 scrolls of blinking
 k - 2 scrolls of amnesia
Potions
 d - a potion of might
 e - 5 potions of curing
 f - 3 potions of heal wounds
 h - 4 potions of magic
 i - a potion of invisibility


   Skills:
 + Level 8.2 Fighting
 + Level 7.1 Maces & Flails
 - Level 3.2 Armour
 - Level 3.2 Shields


You had 4 spell levels left.
You didn't know any spells.
Your spell library was empty.

Dungeon Overview and Level Annotations

Branches:
Dungeon (1/1)

Altars:
Cheibriados
Dithmenos
Elyvilon
Fedhas
Gozag
Hepliaklqana
Kikubaaqudgha
Makhleb
Nemelex Xobeh
Okawaru
Qazlal
Ru
Sif Muna
Trog
Uskayaw
Vehumet
Wu Jian
Xom
Yredelemnul
Zin
The Shining One
Jiyva
Lugonu


Innate Abilities, Weirdness & Mutations

You are immune to sickness and miasma.
Your stone body is resilient. (AC +4)
You are immune to poison.
You resist negative energy. (rN+)
You are resistant to electric shocks. (rElec)
You are resistant to unholy torment.
You are immune to petrification.


Message History

The shadow slips into darkness.
The shadow flickers and vanishes!
Something hits you!
* * * LOW HITPOINT WARNING * * *
Something bites you but does no damage.
You miss something.
You hear some strange, mumbled words.
You are confused.
You bump into the unnaturally hard rock wall.
You bump into the unnaturally hard rock wall.
Something hits you.
* * * LOW HITPOINT WARNING * * *
Something bites you but does no damage.
You barely miss something. Something hits you but does no damage.
Something bites you.
* * * LOW HITPOINT WARNING * * *
Unknown command.
You bump into the unnaturally hard rock wall.
You barely miss something. Something hits you but does no damage.
Something bites you but does no damage.
You barely miss something. Something hits you but does no damage.
Something bites you but does no damage.
You hit something.
You feel less confused. Something hits you but does no damage.
You block something's attack.
You can now stomp with the beat.
You sock something! You closely miss something.
Something hits you but does no damage. Something bites you but does no damage.
You completely miss something. Something hits you.
* * * LOW HITPOINT WARNING * * *
Something bites you but does no damage.
You barely miss something. Something hits you but does no damage.
Something bites you but does no damage.
You miss something. You sock something! Something hits you.
* * * LOW HITPOINT WARNING * * *
Something bites you but does no damage.
You can now pass through a line of other dancers.
You hit something but do no damage. Something hits you!
You die...

▓.▓
▓{▓
▓T▓
▓g▓
▓{▓
▓W▓
▓{▓
▓@▓
▓.▓
▓.▓
▓.▓
▓.▓
▓.▓
▓)▓
▓.▓
▓.▓


You could see a troll, a wraith and a gnoll sergeant.

Vanquished Creatures
  A water moccasin (D)
  A gnoll (D)
  An adder (D)
  An orc (D)
  2 endoplasms (D)
  A goblin (D)
  A quokka (D)
  2 rats (D)
10 creatures vanquished.

Notes
Turn   | Place    | Note
-------+----------+-------------------------------------------
     0 | D        | theswoord the Gargoyle Fighter began the quest for the Orb.
     0 | D        | Reached XP level 1. HP: 14/14 MP: 1/1
    13 | D        | Reached skill level 4 in Fighting
   150 | D        | Noticed a water moccasin
   160 | D        | Killed a water moccasin
   161 | D        | Reached skill level 7 in Fighting
   161 | D        | Reached XP level 2. HP: 8/25 MP: 2/2
   161 | D        | Reached XP level 3. HP: 9/29 MP: 3/3
   161 | D        | Reached XP level 4. HP: 11/35 MP: 4/4
   169 | D        | Reached skill level 8 in Fighting
   169 | D        | Reached XP level 5. HP: 13/39 MP: 5/5
   491 | D        | Found a snail-covered altar of Cheibriados.
   491 | D        | Found a shadowy altar of Dithmenos.
   491 | D        | Found a white marble altar of Elyvilon.
   491 | D        | Found a blossoming altar of Fedhas.
   491 | D        | Found an opulent altar of Gozag.
   492 | D        | Found a hazy altar of Hepliaklqana.
   493 | D        | Found a viscous altar of Jiyva.
   494 | D        | Found an ancient bone altar of Kikubaaqudgha.
   495 | D        | Found a corrupted altar of Lugonu.
   496 | D        | Found a burning altar of Makhleb.
   497 | D        | Found a sparkling altar of Nemelex Xobeh.
   498 | D        | Found an iron altar of Okawaru.
   499 | D        | Found a stormy altar of Qazlal.
   500 | D        | Found a sacrificial altar of Ru.
   501 | D        | Found a shimmering blue altar of Sif Muna.
   502 | D        | Found a bloodstained altar of Trog.
   503 | D        | Found a hide-covered altar of Uskayaw.
   504 | D        | Found a radiant altar of Vehumet.
   505 | D        | Found an ornate altar of the Wu Jian Council.
   506 | D        | Found a shimmering altar of Xom.
   507 | D        | Found a basalt altar of Yredelemnul.
   508 | D        | Found a glowing silver altar of Zin.
   509 | D        | Found a glowing golden altar of the Shining One.
   511 | D        | Became a worshipper of Uskayaw the Reveller
   572 | D        | Noticed a shadow
   572 | D        | Noticed a troll
   572 | D        | Noticed a shadow
   572 | D        | Noticed a wraith
   572 | D        | Noticed a vampire
   586 | D        | Reached * piety under Uskayaw
   592 | D        | Reached ** piety under Uskayaw
   593 | D        | Slain by a vampire

Skill      XL: |  1  2  3  4  5 |
---------------+----------------+-----
Fighting       | 7 8 |  8.2
Maces & Flails | 6 7 |  7.1
Armour         | |  3.2
Shields        | |  3.2

Action                   |  1- 3 |  4- 6 || total
-------------------------+-------+-------++-------
Melee: Flail             |    20 |    27 ||    47
  Use: Potion            |     1 |     1 ||     2
Armor: Scale mail        |     5 |     1 ||     6
       Plate armour      |       |    18 ||    18
Dodge: Dodged            |     8 |     3 ||    11
Block: Buckler           |     6 |     1 ||     7

Levels and vault maps discovered:
D:        linesprint [early_d, line_temple, items_1, d_10, items_2, lair_1,
          lair_end, items_3, orc_1, orc_end, items_4, d_15, swamp_1, shoals_1,
          snake_1, spider_1, d_20, vaults_1, items_5, swamp_end, shoals_end,
          snake_end, spider_end, vaults_end, d_27, items_6, zot_1, zot_end,
          crypt_end, forest_end, elf_end, slime_end, tomb_end, abyss_end,
          pan_hell_end]
